 Dungeon Crawl Stone Soup version 0.18.1-8-gdd0e5ea (webtiles) character file.

169 cruasano the Ducker (level 5, -1/46 HPs)
             Began as a Draconian Berserker on June 2, 2016.
             Was a Priest of Trog.
             Slain by Grinder (7 damage)
             ... on level 3 of the Dungeon.
             The game lasted 00:14:01 (2743 turns).

cruasano the Ducker (Draconian Berserker)           Turns: 2743, Time: 00:14:02

Health: -1/46      AC:  5    Str: 20    XL:     5   Next: 25%
Magic:  5/5        EV: 10    Int:  7    God:    Trog [***...]
Gold:   147        SH:  7    Dex: 11    Spells: 0 memorised, 4 levels left

rFire  . . .     SeeInvis +     a - +2 spear
rCold  . . .     Gourm    .     (armour unavailable)
rNeg   . . .     Faith    .     m - +0 shield
rPois  .         Spirit   .     (helmet restricted)
rElec  .         Dismiss  .     (no cloak)
rCorr  .         Reflect  .     (no gloves)
SustAt .         Harm     .     (no boots)
MR     .....                    g - amulet of magic regeneration
Stlth  +.........               (no ring)
                                d - ring of see invisible

@: lethally poisoned (-1 -> -3), not resistant to hostile enchantments, very
unstealthy
A: unfitting armour, cold-blooded, AC +5
a: Berserk, Trog's Hand, Burn Spellbooks, Renounce Religion


You were on level 3 of the Dungeon.
You worshipped Trog.
Trog was most pleased with you.
You were not hungry.

You visited 1 branch of the dungeon, and saw 3 of its levels.

You collected 147 gold pieces.

Inventory:

Hand Weapons
 a - a +2 spear (weapon)
Armour
 e - a +0 scale mail
 m - a +0 shield (worn)
Jewellery
 d - a ring of see invisible (left hand)
 g - an amulet of magic regeneration (around neck)
 i - an uncursed ring of see invisible
Scrolls
 b - a scroll of identify
 j - 3 scrolls of fog
 k - a scroll of remove curse
Potions
 f - a potion of cure mutation


   Skills:
 + Level 4.2 Fighting
 + Level 3.5 Polearms
 + Level 4.4 Dodging
 + Level 0.8 Stealth


You had 4 spell levels left.
You didn't know any spells.

Dungeon Overview and Level Annotations

Branches:
Dungeon (3/15)

Altars:
Ashenzari
Gozag
Pakellas
Qazlal
Vehumet
The Shining One

Shops:
D:3 *

Annotations:
D:3 Grinder; cruasano's ghost, amateur DrBe


Innate Abilities, Weirdness & Mutations

Your plain brown scales are hard (AC +5).
Your body does not fit into most forms of armour.
You are cold-blooded and may be slowed by cold attacks.


Message History

You puncture Grinder!
Grinder is moderately wounded.
You block the adder's attack. The adder bites you but does no damage.
Grinder closely misses you.
You hit Grinder.
Grinder is moderately wounded.
You feel sick. The adder barely misses you. Grinder hits you!
You writhe in agony.
You barely miss Grinder.
Grinder is moderately wounded.
The adder bites you. Grinder gestures at you. Pain shoots through your body!
* * * LOW HITPOINT WARNING * * *
You hit Grinder.
Grinder is moderately wounded.
The adder closely misses you. The adder barely misses you. Grinder hits you.
* * * LOW HITPOINT WARNING * * *
Grinder hits you!
You die...

##.### #. #.#
.....# # #.#
#.# .....# #
#.#.#
#.######.#
.....#
#.##.#.###
........)#
.....#
.......
#.#####..##
.....# #.#..#
#<... ##.#.#
#....## #W###
##.#.#
######5S.####
#?# # ...#.#
#......@....#
#.# # .###.#
#.####...##.#
.§. . .###.#
#.# #...# #
..# # .##..#
#.# #.#...
.... #
.#...## #.#
#<..##.# ####
# ......##
#.# ##.## #
†......# #.#
.# #.....##
#.# .#
##...## #.#


You could see Grinder and an adder.

Vanquished Creatures
  Jessica (D:3)
  Robin (D:2)
  4 adders
  2 oozes (D:2)
  2 worms (D:2)
  3 dart slugs
  An orc (D:3)
  A ball python (D:2)
  5 giant cockroaches
  12 hobgoblins
  A quokka (D:2)
  9 bats
  3 giant newts (D:2)
  18 goblins
  2 kobolds
  9 rats
74 creatures vanquished.

Notes
Turn   | Place    | Note
--------------------------------------------------------------
     0 | D:1      | cruasano the Draconian Berserker began the quest for the Orb.
     0 | D:1      | Reached XP level 1. HP: 19/19 MP: 1/1
   306 | D:1      | Reached XP level 2. HP: 20/27 MP: 2/2
   823 | D:1      | Reached XP level 3. HP: 32/33 MP: 3/3
   840 | D:1      | Reached ** piety under Trog
  1251 | D:2      | Reached XP level 4. HP: 38/40 MP: 4/4
  1271 | D:2      | Found a faded altar to an unknown god.
  1472 | D:2      | Found a radiant altar of Vehumet.
  1478 | D:2      | Found a shattered altar of Ashenzari.
  1504 | D:2      | Found an oddly glowing altar of Pakellas.
  1576 | D:2      | Found a stormy altar of Qazlal.
  1644 | D:2      | Noticed Robin
  1658 | D:2      | Reached *** piety under Trog
  1676 | D:2      | Killed Robin
  2230 | D:3      | Noticed Jessica
  2240 | D:3      | Killed Jessica
  2240 | D:3      | Reached XP level 5. HP: 44/46 MP: 5/5
  2304 | D:3      | Found a glowing golden altar of the Shining One.
  2383 | D:3      | Noticed cruasano's ghost (amateur DrBe)
  2390 | D:3      | Noticed Grinder
  2640 | D:3      | Found an opulent altar of Gozag.
  2643 | D:3      | Found Gozag's Platinum Reserve.
  2743 | D:3      | Slain by Grinder

Skill      XL: |  1  2  3  4 |
---------------+-------------+-----
Dodging        | 3 4 |  4.4
Fighting       | 4 |  4.2
Polearms       | |  3.5
Stealth        | |  0.8

Action                   |  1- 3 |  4- 6 || total
-------------------------+-------+-------++-------
Melee: Spear             |   132 |   111 ||   243
       Tailslap          |    18 |    14 ||    32
Invok: Berserk           |       |     1 ||     1
  Use: Scroll            |     6 |     3 ||     9
       Potion            |     1 |     2 ||     3
 Stab: Sleeping          |     1 |       ||     1
  Eat: Chunk             |     1 |       ||     1
       Fruit             |       |     4 ||     4
       Pizza             |       |     1 ||     1
       Bread ration      |       |     1 ||     1
Armor: Skin              |    87 |    41 ||   128
Dodge: Dodged            |   172 |    64 ||   236
Block: Shield            |       |     5 ||     5
